 Dungeon Crawl Stone Soup version 0.21.1-1-g345015f (webtiles) character file.

330 shakethe the Chopper (level 6, 0/47 HPs)
             Began as a Formicid Fighter on Feb 16, 2018.
             Succumbed to a worker ant's poison
             ... on level 4 of the Dungeon.
             The game lasted 00:11:28 (3297 turns).

shakethe the Chopper (Formicid Fighter)             Turns: 3297, Time: 00:11:28

Health: 0/47       AC:  6    Str: 22    XL:     6   Next: 81%
Magic:  6/6        EV:  8    Int:  8    God:
Gold:   125        SH:  9    Dex: 10    Spells: 5/5 levels left

rFire    . . .     SeeInvis +   a - +0 war axe
rCold    . . .     Gourm    .   c - +0 shield
rNeg     . . .     Faith    .   b - +0 scale mail
rPois    .         Spirit   .   (helmet unavailable)
rElec    .         Reflect  .   (no cloak)
rCorr    .         Harm     .   (no gloves)
MR       .....                  (no boots)
Stlth    ..........             (no amulet)
HPRegen  0.15/turn              (no ring)
MPRegen  0.10/turn              (no ring)

@: lethally poisoned (0 -> -14)
A: permanent stasis, dig shafts and tunnels, four strong arms, antennae 3
a: Dig, Shaft Self


You were on level 4 of the Dungeon.
You were not hungry.

You visited 1 branch of the dungeon, and saw 4 of its levels.

You collected 125 gold pieces.

Inventory:

Hand Weapons
 a - a +0 war axe (weapon)
Armour
 b - a +0 scale mail (worn)
 c - a +0 shield (worn)
 p - a +0 pair of boots
   (You found it on level 3 of the Dungeon)
Jewellery
 r - a cursed ring of loudness {unknown}
   (You found it on level 3 of the Dungeon)
Wands
 s - a wand of iceblast (9)
   (You found it on level 3 of the Dungeon)
Scrolls
 g - a scroll of noise {unknown}
 h - 2 scrolls of teleportation {unknown}
 j - a scroll of enchant armour {unknown}
 k - a scroll of identify {unknown}
 m - a scroll of amnesia {unknown}
 n - a scroll of fog {unknown}
 o - a scroll of remove curse {unknown}
 q - 2 scrolls of enchant weapon {unknown}
 t - a scroll of immolation {unknown}
 u - a scroll of blinking {unknown}
Potions
 d - a potion of might
 e - a potion of brilliance {unknown}
 i - 2 potions of curing {unknown}
 l - a potion of heal wounds {unknown}
Comestibles
 f - 5 rations
 v - 2 chunks of flesh {@w0}


   Skills:
 - Level 3.2 Fighting
 * Level 6.7 Axes
 - Level 3.2 Armour
 - Level 3.6 Shields


You had 5 spell levels left.
You didn't know any spells.

Dungeon Overview and Level Annotations

Branches:
Dungeon (4/15)
 Temple: D:4-7

Altars:
Sif Muna


Innate Abilities, Weirdness & Mutations

You cannot be hasted, slowed, berserked, paralysed or teleported.
You can dig through walls and to a lower floor.
Your four strong arms can wield two-handed weapons with a shield.
You have a pair of large antennae on your head. (SInv)


Message History

The orc wizard casts a spell.
The orc wizard seems to speed up.
The orc barely misses you.
A quokka comes into view.
The orc hits you but does no damage.
You hit the orc priest but do no damage.
You slash the orc!
You kill the orc!
The orc priest closely misses you.
The orc priest calls down the wrath of Beogh upon you.
Beogh smites you!
You take 10 damage, and have 34/47 hp.
MASSIVE DAMAGE!!
You slash the orc priest!
The orc wizard casts a cantrip, but nothing happens.
The orc priest hits you but does no damage.
You hit the orc priest but do no damage.
The orc priest mumbles some strange prayers to Beogh against you.
Beogh smites you!
You take 9 damage, and have 25/47 hp.
You slash the orc priest!
You kill the orc priest!
The orc wizard hits you but does no damage.
You hit the orc wizard but do no damage.
The orc wizard hits you with a dagger.
You take 1 damage, and have 24/47 hp.
You hit the orc wizard but do no damage.
The orc wizard gestures at you while chanting.
The puff of flame hits you! You block the orc wizard's attack.
You take 4 damage, and have 20/47 hp.
You hit the orc wizard.
The orc wizard gestures at you while chanting.
The puff of frost hits you! You block the orc wizard's attack.
You take 3 damage, and have 17/47 hp.
You slash the orc wizard! You block the orc wizard's attack. x2
You hit the orc wizard.
You kill the orc wizard!
The quokka barely misses you.
You barely miss the quokka. You block the quokka's attack.
You closely miss the quokka. The quokka closely misses you.
You slash the quokka!
You kill the quokka!
Items here: )) [ † a dagger; a robe; a hand axe; a quokka corpse You see here a hand axe.
You start resting.
You sense a monster nearby.
You start resting.
You sense a monster nearby.
You regained 3 hp, and now have 22/47 hp.
You start resting.
A worker ant comes into view.
You regained 2 hp, and now have 24/47 hp.
The worker ant twitches its antennae in your direction.
You hit the worker ant. You block the worker ant's attack.
The worker ant bites you.
You take 6 damage, and have 18/47 hp.
You closely miss the worker ant.
The worker ant bites you but does no damage.
You hit the worker ant. The worker ant barely misses you.
You hit the worker ant but do no damage.
The worker ant barely misses you. The worker ant bites you.
An orc comes into view. It is wielding a club.
You closely miss the worker ant.
The orc shouts!
The worker ant closely misses you.
Your shield and scale mail prevent you from hitting the worker ant.
The worker ant bites you.
* * * LOW HITPOINT WARNING * * *
The worker ant completely misses you.
You take 5 damage, and have 13/47 hp.
You barely miss the worker ant. You block the worker ant's attack.
You closely miss the worker ant.
The worker ant bites you but does no damage.
The worker ant barely misses you.
You hit the worker ant but do no damage.
The worker ant bites you.
* * * LOW HITPOINT WARNING * * *
You take 4 damage, and have 9/47 hp.
You hit the worker ant but do no damage.
You barely miss the orc. You block the orc's attack. The worker ant bites you.
* * * LOW HITPOINT WARNING * * *
You are lethally poisoned!
The worker ant poisons you!
The worker ant waves its antennae.
The worker ant barely misses you.
You take 4 damage, and have 5/47 hp.
You closely miss the worker ant. You closely miss the orc.
* * * LOW HITPOINT WARNING * * *
You feel sick. The orc completely misses you. The worker ant bites you.
* * * LOW HITPOINT WARNING * * *
You are more poisoned.
The worker ant poisons you! The orc hits you with a club.
* * * LOW HITPOINT WARNING * * *
An orc priest comes into view. It is wielding a hand axe.
You take 3 damage, and have 2/47 hp.
You barely miss the worker ant.
The orc priest shouts!
You hit the orc but do no damage.
You die...

.(..#.#.......#.#
.## #.####.##.#.#
#. .......#.# { {
o#.##.####.# {...
... #.### ##.# ###
#...# #.# ####.#
.#r #o# #....#
....### #@# #.####
.......##a#######.#
........))........#
...###.##.#########
{ #. #.# #. #.# #.
#.# #. #.# #. #.#


You could see a worker ant, an orc priest and an orc.

Vanquished Creatures
  A howler monkey (D:3)
  An orc priest (D:4)
  An orc wizard (D:4)
  A bullfrog skeleton (D:4)
  Terence (D:2)
  3 gnolls (D:3)
  5 adders
  3 oozes
  4 worms
  3 leopard geckos (D:2)
  2 orcs (D:4)
  3 giant cockroaches
  7 goblins
  7 hobgoblins
  15 jackals
  8 kobolds
  2 quokkas
  5 bats
  4 frilled lizards
  A jackal skeleton (D:4)
  6 rats
83 creatures vanquished.

Notes
Turn   | Place    | Note
-------+----------+-------------------------------------------
     0 | D:1      | shakethe the Formicid Fighter began the quest for the Orb.
     0 | D:1      | Reached XP level 1. HP: 18/18 MP: 1/1
   108 | D:1      | Reached XP level 2. HP: 23/24 MP: 2/2
   227 | D:1      | Reached skill level 3 in Axes
   291 | D:1      | Reached XP level 3. HP: 27/29 MP: 3/3
   817 | D:2      | Noticed Terence
   837 | D:2      | Killed Terence
   837 | D:2      | Reached skill level 4 in Axes
   837 | D:2      | Reached XP level 4. HP: 13/35 MP: 4/4
   880 | D:2      | HP: 8/35 [jackal (3)]
   884 | D:2      | HP: 2/35 [jackal (2)]
  1549 | D:2      | Reached XP level 5. HP: 41/41 MP: 5/5
  2060 | D:3      | Reached skill level 5 in Axes
  2811 | D:4      | Reached XP level 6. HP: 47/47 MP: 6/6
  2875 | D:4      | Found a deep blue altar of Sif Muna.
  2901 | D:4      | Reached skill level 6 in Axes
  3294 | D:4      | HP: 9/47 [worker ant (4)]
  3296 | D:4      | HP: 4/47 [poisoned by a worker ant]
  3297 | D:4      | Succumbed to a worker ant's poison

Skill      XL: |  1  2  3  4  5  6 |
---------------+-------------------+-----
Axes           | 3 4 5 6 |  6.7
Fighting       | |  3.2
Armour         | |  3.2
Shields        | |  3.6

Action                   |  1- 3 |  4- 6 || total
-------------------------+-------+-------++-------
Melee: War axe           |    96 |   218 ||   314
  Eat: Chunk             |       |     6 ||     6
       Ration            |       |     1 ||     1
Armor: Scale mail        |    46 |    73 ||   119
Dodge: Dodged            |    38 |    86 ||   124
Block: Shield            |    56 |   118 ||   174

Vault maps used:
D:1:      minmay_arrival_hallway
D:2:      corexii_leaking_fountain, minmay_misc_feat_hallway,
          minmay_crystal_room, uniq_terence
D:3:      first_ration
D:4:      lemuel_round_altar, kennysheep_generic_room_3, uniq_eustachio

Table legend:
 A = Turns spent in this place as a percentage of turns spent in the entire game.
 B = Non-inter-level travel turns spent in this place as a percentage of non-inter-level travel turns spent in the entire game.
 C = Inter-level travel turns spent in this place as a percentage of turns spent in this place.
 D = Turns resting spent in this place as a percentage of non-inter-level travel turns spent in this place.
 E = Turns spent auto-exploring this place as a percentage of non-inter-level travel turns spent in this place.
 F = Non-inter-level travel turns spent in this place divided by the number of levels of this place that you've seen.
                   A       B       C       D       E      F
               +-------+-------+-------+-------+-------+----------------------
         Total | 100.0 | 100.0 |   0.0 |  18.8 |  42.7 | 824.2
       Dungeon | 100.0 | 100.0 |   0.0 |  18.8 |  42.7 | 824.2
               +-------+-------+-------+-------+-------+----------------------

Table legend:
 A = Kills in this place as a percentage of kills in entire the game.
 B = Kills by you in this place as a percentage of kills by you in the entire game.
 C = Kills by friends in this place as a percentage of kills by friends in the entire game.
 D = Other kills in this place as a percentage of other kills in the entire game.
 E = Experience gained in this place as a percentage of experience gained in the entire game.
 F = Experience gained in this place divided by the number of levels of this place that you have seen.
                   A       B       C       D       E      F
               +-------+-------+-------+-------+-------+----------------------
         Total | 100.0 | 100.0 |   N/A |   N/A | 100.0 | 118.0
       Dungeon | 100.0 | 100.0 |   N/A |   N/A | 100.0 | 118.0
               +-------+-------+-------+-------+-------+----------------------
